 Dungeon Crawl Stone Soup version 0.30-a0-1103-g25895a7845 (webtiles) character file.

Game seed: 6689311431752386517

3292 avis the Nimble (level 9, -1/177 HPs)
             Began as a Demigod Transmuter on Apr 19, 2023.
             Slain by a manticore (7 damage)
             ... on level 7 of the Dungeon.
             The game lasted 00:58:21 (6684 turns).

avis the Nimble (Demigod Transmuter)                Turns: 6684, Time: 00:58:21

Health: -1/177     AC: 24    Str: 15    XL:     9   Next: 42%
Magic:  18/18      EV:  2    Int: 15    God:
Gold:   116        SH:  0    Dex: 22    Spells: 6/16 levels left

rFire   . . .      SeeInvis .    a - +4 spear (venom)
rCold   . . .      Faith    .    (no shield)
rNeg    . . .      Spirit   .    l - melded +1 robe {rN+}
rPois   +          Reflect  .    h - melded +2 helmet
rElec   .          Rampage  .    u - melded +0 cloak
rCorr   +          NoTele   +    G - melded +0 pair of gloves
Will    .....                    p - melded +0 pair of boots Stlth
                                 (no amulet)
HPRegen 0.49/turn                d - ring of resist corrosion
MPRegen 0.16/turn                (no ring)

@: berserking, tree-form, spiked, hasted, studying Earth Magic, invisible, very
quick
A: stationary, stasis, torment immunity, boosted hp, high MP 1, forlorn, divine
attributes
a: no special abilities


You were on level 7 of the Dungeon.
You were a tree.
You visited 2 branches of the dungeon, and saw 8 of its levels.
You also visited: Ossuary.

You collected 428 gold pieces.
You spent 312 gold pieces at shops.

Inventory:

Hand Weapons
 a - a +4 spear of venom (weapon)
 b - a +0 shortbow
Missiles
 g - 14 poisoned darts
 q - 5 datura-tipped darts
Armour
 h - a +2 helmet (melded)
 l - a +1 robe of positive energy (melded)
 p - a +0 pair of boots (melded)
 u - a +0 cloak (melded)
 E - a +0 robe of fire resistance
 G - a +0 pair of gloves (melded)
Jewellery
 d - a ring of resist corrosion (left branch)
Wands
 F - a wand of iceblast (2)
Scrolls
 f - 4 scrolls of vulnerability {unknown}
 i - 3 scrolls of teleportation {unknown}
 j - 2 scrolls of butterflies {unknown}
 k - 2 scrolls of magic mapping {unknown}
 s - 2 scrolls of fear {unknown}
 H - 2 scrolls of fog {unknown}
 I - 2 scrolls of immolation {unknown}
 P - a scroll of poison {unknown}
Potions
 c - a potion of flight
 e - a potion of ambrosia
 o - a potion of cancellation
 r - 2 potions of resistance
 x - 2 potions of haste
 J - a potion of magic
 M - a potion of might


   Skills:
 - Level 7.0 Fighting
 * Level 9.2 Dodging
 - Level 7.0 Unarmed Combat
 - Level 4.0 Spellcasting
 - Level 5.0 Transmutations
 * Level 1.9 Ice Magic
 - Level 1.0 Poison Magic


You had 6 spell levels left.
You knew the following spells:

 Your Spells              Type           Power      Damage    Failure   Level
a - Beastly Appendage     Tmut           36%        N/A       2%          1
e - Wereblood             Tmut           18%        N/A       3%          2
p - Spider Form           Tmut/Pois      12%        N/A       16%         3
q - Ice Form              Ice/Tmut       13%        N/A       41%         4

Your spell library contained the following spells:

 Spells                   Type           Power      Damage    Failure   Level
 Poisonous Vapours        Pois/Air       8%         N/A       22%         2
 Frozen Ramparts          Ice            16%        1d3       24%         3
 Sublimation of Blood     Necr           3%         N/A       26%         2
 Mephitic Cloud           Conj/Pois/Air  3%         N/A       43%         3
 Gell's Gravitas          Tloc           3%         N/A       47%         3
 Teleport Other           Tloc           3%         N/A       47%         3
 Summon Ice Beast         Ice/Summ       5%         N/A       77%         4
 Freezing Cloud           Conj/Ice/Air   2%         6-21      98%         5
 Summon Mana Viper        Hex/Summ       3%         N/A       99%         5
 Dispersal                Tloc           1%         N/A       100%        6
 Monstrous Menagerie      Summ           1%         N/A       100%        7
 Summon Hydra             Summ           1%         N/A       100%        7


Dungeon Overview and Level Annotations

Branches:
Dungeon (7/15)             Temple (1/1) D:6         Ossuary (visited)

Shops:
D:2 =   D:3 !


Innate Abilities, Weirdness & Mutations

You are a tree.
Your roots penetrate the ground, keeping you stationary.
You cannot be teleported.
You are immune to unholy pain and torment.
Your maximum health is greatly increased.
Your equipment is partially melded.
You have an increased reservoir of magic. (+10% MP)
You shall have no god before yourself.
Your divine heritage dramatically boosts your attributes as you level up.


Message History

Your +0 pair of boots melds into your body.
Your +1 robe of positive energy melds into your body.
You feel less protected from negative energy.
Your roots penetrate the ground.
The manticore bites you!
* * * LOW HITPOINT WARNING * * *
The manticore barely misses you.
The manticore claws you but does no damage.
You feel yourself speed up.
The manticore bites you but does no damage.
The manticore claws you.
* * * LOW HITPOINT WARNING * * *
The manticore barely misses you.
You fade into invisibility!
A red film seems to cover your vision as you go berserk!
You feel yourself moving faster!
You feel mighty!
The manticore bites you but does no damage.
The manticore claws you but does no damage.
The manticore claws you!
* * * LOW HITPOINT WARNING * * *
The vampire casts a spell.
The vampire flickers and vanishes!
Deactivating autopickup; reactivate with Ctrl-A.
You barely miss the manticore.
The manticore is severely wounded.
The manticore bites you!
* * * LOW HITPOINT WARNING * * *
The manticore claws you but does no damage. x2
You are too berserk!
You strike the helpless manticore from behind!
You puncture the manticore!
The manticore is poisoned.
The manticore is almost dead.
The manticore bites you.
* * * LOW HITPOINT WARNING * * *
The manticore claws you but does no damage. x2
You hit the manticore.
The manticore is almost dead.
You barely miss the manticore.
The manticore is almost dead.
The manticore bites you!
You die...

#.................)†....
#....#######.u#.##)#####
#....#... #.##.#).#
#....#.###.#.##..#.#
#....#.'[#.'H§#.#..#
#....#.###.#.#...#.#
####.#... #.#..##.#
#.#######.#.#.#.#
#...♣Hu...#####..
#.##.#{.##.## ..#
#.#..#.#....# .#.
#.####..##### # #.. ##.(
#.# #.## #.. ... #.# ###


You could see a brown ugly thing (unable to see you) and a manticore (unable to
see you, very poisoned).

Vanquished Creatures
  Menkaure (D:6)
  A sky beast (D:6)
  An ice beast (D:5)
  An ogre (D:5)
  3 centaurs
  A phantom (D:5)
  Blork the orc (D:5)
  A kobold brigand (D:6)
  2 elf zombies (Ossuary)
  A bullfrog (D:7)
  A gnoll sergeant (D:7)
  2 howler monkeys (D:7)
  A centaur zombie (Ossuary)
  3 hounds
  Crazy Yiuf (D:3)
  2 human zombies (Ossuary)
  4 orc priests
  An iguana (D:5)
  4 orc wizards
  3 mummies (Ossuary)
  Robin (D:2)
  8 adders
  An ufetubus (D:5)
  2 adder zombies (Ossuary)
  A worm (D:2)
  4 dart slugs
  33 orcs
  8 ball pythons
  6 endoplasms
  5 giant cockroaches
  2 gnoll zombies (Ossuary)
  10 goblins
  7 hobgoblins
  4 jackals (D:2)
  16 kobolds
  4 quokkas
  5 bats
  A frilled lizard (D:2)
  2 goblin zombies (Ossuary)
  2 hobgoblin zombies (Ossuary)
  6 jackal zombies (Ossuary)
  5 kobold zombies (Ossuary)
  An orc zombie (Ossuary)
  6 quokka zombies (Ossuary)
  5 rats
  2 rat zombies (Ossuary)
182 creatures vanquished.

Vanquished Creatures (others)
  11 plants (D:7)
11 creatures vanquished.

Grand Total: 193 creatures vanquished

Notes
Turn   | Place    | Note
-------+----------+-------------------------------------------
     0 | D:1      | avis the Demigod Transmuter began the quest for the Orb.
     0 | D:1      | Reached XP level 1. HP: 15/15 MP: 5/5
    18 | D:1      | Reached skill level 1 in Fighting
   293 | D:1      | Reached XP level 2. HP: 22/24 MP: 5/7
   367 | D:1      | You fall into a shaft and drop 1 floor!
   548 | D:1      | Reached skill level 2 in Dodging
  1007 | D:2      | Reached XP level 3. HP: 17/29 MP: 6/8
  1087 | D:2      | Learned a level 2 spell: Wereblood
  1091 | D:2      | Learned a level 3 spell: Spider Form
  1134 | D:2      | Noticed Robin
  1144 | D:2      | Reached skill level 1 in Poison Magic
  1151 | D:2      | HP: 1/29 [poisoned by Robin]
  1156 | D:2      | Killed Robin
  1532 | D:2      | Found Exeuw's Jewellery Boutique.
  1637 | D:2      | Reached XP level 4. HP: 33/36 MP: 9/9
  2207 | D:3      | Found Obriemeu's Distillery.
  2337 | D:3      | Found a runed translucent door.
  2338 | D:3      | Noticed Crazy Yiuf
  2345 | D:3      | Killed Crazy Yiuf
  2605 | D:4      | Reached XP level 5. HP: 41/41 MP: 10/12
  2713 | D:4      | Identified the +0 buckler "Ythyegre" {-Cast rElec rN++
                  | SInv}
  3027 | D:4      | Learned a level 4 spell: Ice Form
  3042 | D:5      | Entered Level 5 of the Dungeon
  3085 | D:5      | Noticed Blork the orc
  3118 | D:5      | Killed Blork the orc
  3162 | D:5      | Reached XP level 6. HP: 32/51 MP: 8/13
  3185 | D:5      | Reached skill level 3 in Dodging
  3860 | D:5      | Reached XP level 7. HP: 57/57 MP: 11/14
  4180 | D:6      | Reached skill level 4 in Dodging
  4190 | D:6      | Found a sand-covered staircase.
  4199 | Ossuary  | Entered an ossuary
  5023 | D:6      | Reached skill level 5 in Transmutations
  5183 | D:6      | Reached XP level 8. HP: 45/66 MP: 14/17
  5469 | D:6      | Found a staircase to the Ecumenical Temple.
  5478 | Temple   | Entered the Ecumenical Temple
  5614 | D:3      | Bought a potion of degeneration for 13 gold pieces
  5614 | D:3      | Bought a potion of flight for 39 gold pieces
  5614 | D:3      | Bought a potion of brilliance for 52 gold pieces
  5614 | D:3      | Bought a potion of ambrosia for 104 gold pieces
  5614 | D:3      | Bought a potion of cancellation for 104 gold pieces
  5747 | Temple   | Reached skill level 8 in Dodging
  5747 | Temple   | Reached XP level 9. HP: 79/79 MP: 18/18
  5789 | D:6      | Noticed Menkaure
  6142 | D:6      | Killed Menkaure
  6143 | D:6      | Reached skill level 9 in Dodging
  6593 | D:7      | Reached skill level 1 in Ice Magic
  6634 | D:7      | Noticed a purple ugly thing
  6648 | D:7      | Noticed a cyclops
  6654 | D:7      | Noticed a brown ugly thing
  6663 | D:7      | Noticed a manticore
  6681 | D:7      | HP: 7/177 [manticore (15)]
  6684 | D:7      | Slain by a manticore

Illustrated notes

Levels and vault maps discovered:
D:1:      dpeg_arrival_renting, layout_basic
D:2:      layout_basic, serial_shops, nicolae_shop_just_a_little_nook,
          uniq_robin
D:3:      layout_basic, mainiacjoe_overflow_alcove_1, serial_shops,
          nicolae_shop_trees, minmay_box_of_dots, uniq_crazy_yiuf_cottage
D:4:      layout_cave_pools, gammafunk_temple_overflow_elements
D:5:      layout_basic, dreamdust_wishing_well, uniq_blork_the_orc
D:6:      layout_basic, mainiacjoe_overflow_small_starburst,
          minmay_temple_entry_poolview, lightli_ossuary_entry_decrepit_ruins,
          uniq_menkaure
D:7:      layout_basic, nicolae_wu_jian_glorious_leap, tgw_trog,
          minmay_shattered_shrine
Temple:   regret_index_temple_waves

Skill      XL: |  1  2  3  4  5  6  7  8  9 |
---------------+----------------------------+-----
Fighting       | 2 3 4 7 |  7.0
Unarmed Combat | 3 4 7 |  7.0
Dodging        | 2 3 4 8 9 |  9.2
Spellcasting   | 2 3 4 |  4.0
Transmutations | 2 3 4 5 |  5.0
Poison Magic   | 1 |  1.0
Ice Magic      | 1 |  1.9

Action                     |  1- 3 |  4- 6 |  7- 9 || total
---------------------------+-------+-------+-------++-------
  Melee: Unarmed           |    78 |    34 |    12 ||   124
         Kick              |    19 |     7 |       ||    26
         Headbutt          |     9 |     1 |       ||    10
         Spear             |    26 |    92 |   327 ||   445
         Punch             |     2 |     1 |    12 ||    15
   Cast: Beastly Appendage |    32 |    11 |       ||    43
         Spider Form       |     2 |     5 |     1 ||     8
         Ice Form          |       |       |     1 ||     1
  Evoke: Wand              |       |       |     7 ||     7
    Use: Potion            |     2 |     1 |     8 ||    11
         Scroll            |       |       |     9 ||     9
   Stab: Sleeping          |     5 |     4 |     1 ||    10
         Distracted        |       |     1 |       ||     1
         Invisible         |       |       |     1 ||     1
 Armour: Robe              |    10 |    20 |    73 ||   103
         Skin              |     1 |       |     8 ||     9
  Dodge: Dodged            |    48 |    63 |   183 ||   294

Table legend: (Time is in decaauts)
 A = Elapsed time spent in this place.
 B = Non-inter-level travel time spent in this place.
 C = Inter-level travel time spent in this place.
 D = Time resting spent in this place.
 E = Time spent auto-exploring this place.
 F = Levels seen in this place.
 G = Mean time per level.
                   A        B        C        D        E       F      G
               +--------+--------+--------+--------+--------+-----+--------+
         Total |   6733 |   6057 |    676 |   1074 |   2479 |   9 |  748.1 |
       Dungeon |   5921 |   5248 |    673 |    784 |   2479 |   7 |  845.9 |
        Temple |     27 |     25 |      2 |      0 |      0 |   1 |   27.0 |
       Ossuary |    784 |    784 |      0 |    290 |      0 |   1 |  784.0 |
               +--------+--------+--------+--------+--------+-----+--------+

Top non-repeatable levels by time:
     D:2: 1261 daAuts
     D:5: 1171 daAuts
     D:6: 1158 daAuts
 Ossuary: 784 daAuts
     D:1: 773 daAuts
     D:4: 718 daAuts
     D:3: 519 daAuts
     D:7: 319 daAuts
  Temple: 27 daAuts
